 Dungeon Crawl Stone Soup version 0.30-a0-358-g0d69a1922f (webtiles) character file.

Game seed: 14555801178327437744

12773 Muataran the Grappler (level 11, -2/113 HPs)
             Began as a Troll Monk on Nov 10, 2022.
             Was an Elder of Makhleb.
             Slain by a catoblepas (28 damage)
             ... on level 2 of the Lair of Beasts.
             The game lasted 00:20:19 (9027 turns).

Muataran the Grappler (Troll Monk)                  Turns: 9027, Time: 00:20:19

Health: -2/113     AC:  8    Str: 21    XL:     11   Next: 66%
Magic:  16/16      EV: 10    Int: 10    God:    Makhleb [****..]
Gold:   699        SH:  0    Dex: 12    Spells: 10/10 levels left

rFire   . . .      SeeInvis +      - Unarmed
rCold   . . .      Faith    .    (no shield)
rNeg    . . .      Spirit   .    x - +1 steam dragon scales
rPois   +          Reflect  .    (helmet restricted)
rElec   .          Harm     .    (no cloak)
rCorr   .          Rampage  .    (gloves unavailable)
Will    .....                    (boots unavailable)
Stlth   ++........               u - amulet of regeneration
HPRegen 1.98/turn                d - ring of poison resistance
MPRegen 0.15/turn                g - ring of see invisible

@: no status effects
A: large, unfitting armour, claws 3, regeneration 1, shaggy fur 1, tough skin 1
a: Renounce Religion, Minor Destruction, Lesser Servant of Makhleb, Major
Destruction


You were on level 2 of the Lair of Beasts.
You worshipped Makhleb.
Makhleb was greatly pleased with you.
You visited 3 branches of the dungeon, and saw 13 of its levels.
You also visited: Bailey.

You collected 699 gold pieces.

Inventory:

Armour
 x - +1 steam dragon scales (worn)
Jewellery
 d - a ring of poison resistance (left claw)
 g - a ring of see invisible (right claw)
 m - an amulet of magic regeneration
 u - an amulet of regeneration (around neck)
 C - a +6 ring of strength
Wands
 a - a wand of mindburst (11)
 f - a wand of flame (4)
 t - a wand of roots (32)
 v - a wand of charming (4)
 G - a wand of acid (7)
Scrolls
 e - 8 scrolls of teleportation {unknown}
 h - 3 scrolls of amnesia
 n - 3 scrolls of immolation
 q - a scroll of enchant armour
 r - 4 scrolls of noise
 s - a scroll of blinking
 y - 4 scrolls of identify
 z - a scroll of enchant weapon {unknown}
 A - 2 scrolls of acquirement {unknown}
 D - a scroll of silence {unknown}
 F - a scroll of fog
 H - a scroll of poison
Potions
 b - a potion of ambrosia
 c - 3 potions of haste {unknown}
 i - 5 potions of mutation
 j - 3 potions of curing
 k - 5 potions of heal wounds
 l - 2 potions of magic {unknown}
 o - a potion of might {unknown}
 p - 3 potions of attraction
 w - 8 potions of brilliance
 B - a potion of flight {unknown}
 E - a potion of resistance {unknown}


   Skills:
 + Level 8.5 Fighting
 - Level 2.4 Dodging
 - Level 1.0 Stealth
 * Level 13.8 Unarmed Combat
 + Level 8.2 Invocations


You had 10 spell levels left.
You didn't know any spells.
Your spell library contained the following spells:

 Spells                   Type           Power      Damage    Failure   Level
 Apportation              Tloc           0%         N/A       36%         1
 Beastly Appendage        Tmut           0%         N/A       36%         1
 Magic Dart               Conj           0%         1d3       36%         1
 Necrotise                Necr           0%         1d4       36%         1
 Sandblast                Erth           0%         2d4       36%         1
 Slow                     Hex            0%         N/A       36%         1
 Summon Small Mammal      Summ           0%         N/A       36%         1
 Blink                    Tloc           0%         N/A       50%         2
 Call Imp                 Summ           0%         N/A       50%         2
 Momentum Strike          Conj/Tloc      0%         3d8       50%         2
 Passwall                 Tmut/Erth      0%         N/A       50%         2
 Wereblood                Tmut           0%         N/A       50%         2
 Confusing Touch          Hex            0%         N/A       75%         3
 Lesser Beckoning         Tloc           0%         N/A       75%         3
 Mephitic Cloud           Conj/Pois/Air  0%         N/A       75%         3
 Spider Form              Tmut/Pois      0%         N/A       75%         3
 Stone Arrow              Conj/Erth      0%         3d7       75%         3
 Vampiric Draining        Necr           0%         2d6       75%         3
 Vhi's Electric Charge    Tloc/Air       0%         N/A       75%         3
 Animate Armour           Summ/Erth      0%         N/A       98%         4
 Arcjolt                  Conj/Air       0%         1d10      100%        5
 Lehudib's Crystal Spear  Conj/Erth      0%         10d2      100%        8
 Maxwell's Capacitive Co  Air            0%         ∞         100%        8


Dungeon Overview and Level Annotations

Branches:
Dungeon (10/15)            Temple (1/1) D:4            Lair (2/5) D:9
 Bailey (visited)
  Swamp: Lair:2-3    Shoals: Lair:2-3     Snake: Lair:2-3    Spider: Lair:2-3
    Orc: D:9-12

Altars:
Ashenzari
Cheibriados
Dithmenos
Elyvilon
Fedhas
Gozag
Hepliaklqana
Kikubaaqudgha
Makhleb
Nemelex Xobeh
Okawaru
Qazlal
Ru
Sif Muna
Trog
Uskayaw
Vehumet
Wu Jian
Xom
Yredelemnul
Zin
The Shining One

Shops:
D:7 *   D:8 (

Annotations:
D:9 1 runed translucent door, quakins's ghost, novice NaVM


Innate Abilities, Weirdness & Mutations

You are too large for most types of armour.
You have claws for hands.
Your natural rate of healing is unusually fast.
You are covered in fur. (AC +1)
You have tough skin. (AC +1)


Message History

You claw the catoblepas! Your claw misses the catoblepas.
The catoblepas is heavily wounded.
You are engulfed in calcifying dust.
You are slowing down.
The catoblepas gores you!! The catoblepas gores you!!
Your limbs are stiffening.
You claw the catoblepas!
The catoblepas is severely wounded.
The catoblepas gores you!!
The catoblepas breathes a plume of calcifying dust at you.
The blast of calcifying dust hits you but does no damage.
You have turned to stone.
You are engulfed in calcifying dust.
The catoblepas gores you!!
You are engulfed in calcifying dust.
The catoblepas gores you.
You are engulfed in calcifying dust.
The catoblepas gores you.
You are engulfed in calcifying dust.
The catoblepas breathes a plume of calcifying dust at you.
The blast of calcifying dust hits you.
You are engulfed in calcifying dust.
The catoblepas breathes a plume of calcifying dust at you.
The blast of calcifying dust hits you. The catoblepas gores you!
The catoblepas gores you!! The catoblepas gores you!!
* * * LOW HITPOINT WARNING * * *
The catoblepas gores you.
* * * LOW HITPOINT WARNING * * *
You turn to flesh and can move again.
Unknown command.
You claw the catoblepas!
You claw the catoblepas, but do no damage.
The catoblepas is severely wounded.
You scratch the catoblepas but do no damage.
The catoblepas is severely wounded.
The catoblepas gores you!
* * * LOW HITPOINT WARNING * * *
You claw the catoblepas!
The catoblepas is almost dead.
The catoblepas gores you!!
You die...

#.....# #.....######
#...........
#..........
##..#.#... #
#...#[..# .#
#.......#..#
#..Y.......#
#..@....#...#
##......#. #
#....#+....
##..........
#.....#.#.## .
##....### # . #....#
. ##....#
###########.
#....^###...##..#P#.


You could see a catoblepas.

Vanquished Creatures
  Erolcha (D:9)
  Pikel (D:4)
  A black mamba (Lair:1)
  3 torpor snails (Lair:1)
  A gargoyle (Bailey)
  A komodo dragon (Lair:1)
  A troll (D:9)
  A wraith (D:9)
  20 yaks
  A vampire (Bailey)
  A wyvern (D:9)
  Grum (D:9)
  Eustachio (D:6)
  2 steam dragons
  3 water moccasins
  A sky beast (D:7)
  2 ice beasts
  An orc warrior (D:8)
  A black bear (D:7)
  5 wolves
  3 centaurs (D:8)
  A lemure (D:4)
  A phantom (D:5)
  A kobold brigand (D:8)
  8 bullfrogs
  A scorpion (D:7)
  24 killer bees
  4 howler monkeys
  7 vampire bats (Bailey)
  4 wolf zombies (Bailey)
  6 electric eels (D:7)
  2 hounds
  A jelly (D:4)
  An orc priest (D:7)
  4 iguanas
  10 orc wizards
  4 gnolls
  12 adders
  2 shadow imps
  A white imp (D:6)
  3 dart slugs
  24 orcs
  7 endoplasms
  2 giant cockroaches (D:2)
  7 goblins
  7 hobgoblins
  7 jackals
  A quokka (D:1)
  5 ball pythons
  4 bats
  3 frilled lizards
  8 kobolds
  22 orc zombies (Bailey)
  6 rats
252 creatures vanquished.

Vanquished Creatures (collateral kills)
  A hydra (Lair:2)
  A boulder beetle (Lair:2)
2 creatures vanquished.

Vanquished Creatures (others)
  A fungus (Lair:1)
  22 plants
23 creatures vanquished.

Grand Total: 277 creatures vanquished

Notes
Turn   | Place    | Note
-------+----------+-------------------------------------------
     0 | D:1      | Muataran the Troll Monk began the quest for the Orb.
     0 | D:1      | Reached XP level 1. HP: 22/22 MP: 0/0
   173 | D:1      | Reached XP level 2. HP: 29/29 MP: 1/1
   714 | D:2      | Reached skill level 4 in Unarmed Combat
   714 | D:2      | Reached XP level 3. HP: 33/36 MP: 2/2
   726 | D:2      | Reached XP level 4. HP: 36/45 MP: 3/3
  1720 | D:2      | Reached skill level 5 in Unarmed Combat
  1746 | D:3      | Reached XP level 5. HP: 51/53 MP: 4/4
  2354 | D:4      | Found a staircase to the Ecumenical Temple.
  2366 | Temple   | Entered the Ecumenical Temple
  2562 | Temple   | Became a worshipper of Makhleb the Destroyer
  2562 | Temple   | Reached * piety under Makhleb
  2562 | Temple   | Reached ** piety under Makhleb
  2620 | D:4      | Noticed a lemure
  2639 | D:4      | Killed a lemure
  2654 | D:4      | Noticed a lemure
  2657 | D:4      | Noticed Pikel
  2657 | D:4      | Noticed a lemure
  2657 | D:4      | Noticed a lemure
  2672 | D:4      | Killed Pikel
  2673 | D:4      | Reached skill level 6 in Unarmed Combat
  2673 | D:4      | Reached XP level 6. HP: 51/63 MP: 4/6
  2673 | D:4      | Reached XP level 7. HP: 57/71 MP: 4/7
  2719 | D:4      | Found Roif's Antique Armour Shoppe.
  2883 | D:4      | Reached skill level 7 in Unarmed Combat
  3345 | D:5      | Entered Level 5 of the Dungeon
  3636 | D:5      | Reached XP level 8. HP: 76/79 MP: 9/9
  3955 | D:5      | Found a shimmering blue altar of Sif Muna.
  3955 | D:5      | Found a shimmering altar of Xom.
  4018 | D:6      | Reached skill level 8 in Unarmed Combat
  4042 | D:6      | Reached skill level 5 in Fighting
  4456 | D:6      | Noticed Eustachio
  4469 | D:6      | Reached *** piety under Makhleb
  4477 | D:6      | Killed Eustachio
  4928 | D:7      | Reached skill level 9 in Unarmed Combat
  4936 | D:7      | HP: 1/81 [killer bee (4)]
  5018 | D:7      | Reached XP level 9. HP: 65/88 MP: 11/11
  5049 | D:7      | Found a flagged portal.
  5058 | Bailey   | Entered a bailey
  5143 | Bailey   | Noticed a gargoyle
  5147 | Bailey   | Killed a gargoyle
  5181 | Bailey   | Identified the +1 pair of gloves "Dakaphat" {Contam Str+8
                  | Dex-2 SInv}
  5225 | Bailey   | Reached skill level 10 in Unarmed Combat
  5225 | Bailey   | Reached skill level 5 in Invocations
  5355 | Bailey   | Reached **** piety under Makhleb
  5892 | D:7      | Found Jiduvopt's Elemental Accessories.
  6141 | D:8      | Reached skill level 11 in Unarmed Combat
  6141 | D:8      | Reached XP level 10. HP: 100/100 MP: 13/13
  6519 | D:8      | Found an opulent altar of Gozag.
  6523 | D:8      | Found a radiant altar of Vehumet.
  6679 | D:8      | Found Adouph's Weapon Shoppe.
  6791 | D:9      | Reached skill level 12 in Unarmed Combat
  6960 | D:9      | Found a staircase to the Lair.
  7080 | D:9      | Found a shimmering altar of Xom.
  7080 | D:9      | Noticed quakins's ghost (novice NaVM)
  7081 | D:9      | Found a runed translucent door.
  7081 | D:9      | Noticed a +0 hand axe of chaos
  7364 | D:9      | Noticed Erolcha
  7364 | D:9      | Noticed Grum
  7373 | D:9      | Killed Grum
  7393 | D:9      | Killed Erolcha
  7394 | D:9      | Reached XP level 11. HP: 82/110 MP: 15/15
  7648 | D:10     | Entered Level 10 of the Dungeon
  7666 | D:10     | Noticed a tengu warrior
  7782 | Lair:1   | Entered Level 1 of the Lair of Beasts
  7870 | Lair:1   | Reached ***** piety under Makhleb
  7871 | Lair:1   | Reached skill level 13 in Unarmed Combat
  8000 | Lair:1   | Found a snail-covered altar of Cheibriados.
  8683 | Lair:2   | Noticed a six-headed hydra
  8701 | Lair:2   | Killed a 12-headed hydra
  8739 | Lair:2   | Noticed a boulder beetle
  8746 | Lair:2   | Killed a boulder beetle
  9005 | Lair:2   | Noticed a catoblepas
  9027 | Lair:2   | Slain by a catoblepas

Illustrated notes

Levels and vault maps discovered:
D:1:      spicycebolla_arrival_clurvy, layout_loops_ring
D:2:      layout_loops_ring, serial_co_window_serial, co_window_paths_a,
          co_window_paths_a, co_window_corner_a, co_window_of_opportunity_a,
          co_window_corner_a, co_window_paths_a, co_window_corner_a,
          co_window_2corner, co_window_of_opportunity_c, co_window_2corner,
          co_window_broadway_c, co_window_corner_ca, co_window_paths_c,
          co_window_4corner_b, glass_columns_a, glass_columns_b,
          glass_columns_a, glass_columns_a, glass_columns_c, nrook_loot_triangle
D:3:      layout_loops_cross
D:4:      layout_basic, minmay_temple_entry_gardened_gates, serial_shops,
          kennysheep_mini_moat, uniq_pikel
D:5:      layout_loops_ring, minitemple, st_stairs_3, minmay_misc_feat_doors
D:6:      layout_loops_ring, minivault_19, uniq_eustachio
D:7:      layout_rooms, enter_bailey_2, nicolae_elemental_shop,
          serial_bayou_lake_a
D:8:      minmay_general_purpose_star, layout_cave_pools,
          mainiacjoe_overflow_big_doors, serial_shops,
          nicolae_shop_advertising_works [nicolae_subvault_shop_adworks]
D:9:      layout_small_grid, dpeg_oklobed_lair, ebering_ghost_xom, uniq_erolcha,
          uniq_grum
D:10:     layout_rooms, grunt_decor_resistance, kennysheep_crisscross,
          minmay_misc_feat_square, minmay_fountain_box, uniq_urug
Temple:   nicolae_temple_two_arcs
Lair:1:   layout_chaotic_city, kennysheep_snail_temple
Lair:2:   minmay_lair_oklob_chamber, layout_chaotic_city,
          palyth_hydra_swamp_entry, spider_nest_entry_funnel_web,
          eino_house_with_fridge

Skill      XL: |  1  2  3  4  5  6  7  8  9 10 11 |
---------------+----------------------------------+-----
Unarmed Combat | 4 5 6 7 9 11 12 13 | 13.8
Fighting       | 3 4 5 6 7 8 |  8.5
Invocations    | 2 4 5 7 8 |  8.2
Dodging        | |  2.4
Stealth        | |  1.0

Action                   |  1- 3 |  4- 6 |  7- 9 | 10-12 || total
-------------------------+-------+-------+-------+-------++-------
Melee: Unarmed           |    85 |   156 |   344 |   296 ||   881
       Punch             |     1 |     3 |    15 |    23 ||    42
Invok: Lesser Servant of |       |       |       |     3 ||     3
Evoke: Wand              |       |       |    12 |     3 ||    15
  Use: Scroll            |       |       |    14 |     1 ||    15
       Potion            |       |       |     4 |       ||     4
 Stab: Sleeping          |     2 |     2 |     3 |     2 ||     9
       Distracted        |       |       |     1 |       ||     1
Armor: Robe              |    26 |    40 |    18 |       ||    84
       Steam dragon scal |       |       |   173 |   128 ||   301
Dodge: Dodged            |    42 |    79 |   188 |   141 ||   450

Table legend: (Time is in decaauts)
 A = Elapsed time spent in this place.
 B = Non-inter-level travel time spent in this place.
 C = Inter-level travel time spent in this place.
 D = Time resting spent in this place.
 E = Time spent auto-exploring this place.
 F = Levels seen in this place.
 G = Mean time per level.
                   A        B        C        D        E       F      G
               +--------+--------+--------+--------+--------+-----+--------+
         Total |   8932 |   8626 |    306 |     85 |   6699 |  14 |  638.0 |
       Dungeon |   7129 |   6848 |    281 |     85 |   5374 |  10 |  712.9 |
        Temple |    206 |    196 |     10 |      0 |    106 |   1 |  206.0 |
          Lair |   1232 |   1218 |     14 |      0 |   1010 |   2 |  616.0 |
        Bailey |    364 |    364 |      0 |      0 |    209 |   1 |  364.0 |
               +--------+--------+--------+--------+--------+-----+--------+

Top non-repeatable levels by time:
     D:2: 1064 daAuts
     D:9: 983 daAuts
  Lair:1: 857 daAuts
     D:7: 856 daAuts
     D:6: 806 daAuts
     D:4: 779 daAuts
     D:5: 673 daAuts
     D:8: 656 daAuts
     D:1: 644 daAuts
     D:3: 625 daAuts
  Lair:2: 375 daAuts
  Bailey: 364 daAuts
  Temple: 206 daAuts
    D:10: 39 daAuts
